 Dungeon Crawl Stone Soup version 0.28-a0-941-g140ffa10cf (webtiles) character file.

Game seed: 12607654861871836209

37 tilp the Chiller (level 3, 14/14 HPs)
             Began as a Felid Ice Elementalist on Nov 29, 2021.
             Quit the game on level 3 of the Dungeon.
             The game lasted 00:03:22 (3528 turns).

tilp the Chiller (Felid Ice Elementalist)           Turns: 3528, Time: 00:03:23

Health: 14/14      AC:  1    Str:  4    XL:     3   Next: 21%
Magic:  7/7        EV: 21    Int: 17    God:
Gold:   111        SH:  0    Dex: 16    Spells: 0/7 levels left
                                        Lives:  0   Deaths: 1

rFire   x . .      SeeInvis +     - Unarmed
rCold   + . .      Faith    .   (shield unavailable)
rNeg    . . .      Spirit   .   (armour unavailable)
rPois   .          Reflect  .   (helmet unavailable)
rElec   .          Harm     .   (cloak unavailable)
rCorr   .          Rampage  .   (gloves unavailable)
Will    .....                   (boots unavailable)
Stlth   ++........              (no amulet)
HPRegen 0.04/turn               h - ring of ice
MPRegen 0.10/turn               g - +4 ring of evasion

@: quick
A: very small, claws 1, fangs 3, see invisible, speed 1, shaggy fur 1, stealthy
paws, no weapons or thrown items, no armour, multi-lived
a: no special abilities


You were on level 3 of the Dungeon.
You visited 1 branch of the dungeon, and saw 3 of its levels.

You collected 111 gold pieces.

Inventory:

Jewellery
 d - a ring of resist corrosion
 g - a +4 ring of evasion (right paw)
 h - a ring of ice (left paw)
Scrolls
 b - a scroll of fog {unknown}
 f - a scroll of immolation {unknown}
Potions
 a - 2 potions of resistance
 c - a potion of flight {unknown}
 e - a potion of curing {unknown}


   Skills:
 - Level 2.6 Dodging
 - Level 2.6 Stealth
 - Level 2.0 Unarmed Combat
 + Level 2.6 Spellcasting
 * Level 4.4 Ice Magic


You couldn't memorise any spells.
You knew the following spells:

 Your Spells              Type           Power      Damage    Failure   Level
a - Freeze                Ice            100%       1d11      3%          1
b - Frozen Ramparts       Ice            52%        1d7       9%          3
c - Ozocubu's Armour      Ice            26%        N/A       9%          3

Your spell library contained the following spells:

 Spells                   Type           Power      Damage    Failure   Level
 Hailstorm                Conj/Ice       14%        3d5       58%         4


Dungeon Overview and Level Annotations

Branches:
Dungeon (3/15)

Altars:


Innate Abilities, Weirdness & Mutations

You have sharp claws.
You have razor-sharp teeth.
You have supernaturally acute eyesight. (SInv)
You cover ground quickly. (Speed+)
You are covered in fur. (AC +1)
Your paws help you pounce on unaware monsters.
You are incapable of wielding weapons or throwing items.
You cannot wear armour.
You gain extra lives every three experience levels.


Message History

Casting: Frozen Ramparts (extremely dangerous; 9% risk of failure)
Press: ? - help, Dir - look around, f - activate You feel a surge of power!
The walls around you are covered in ice.
The wall freezes the orc priest.
The wall freezes the orc!
You kill the orc!
The wall freezes the orc.
The orc completely misses you.
Unknown command.
Casting: Frozen Ramparts (extremely dangerous; 9% risk of failure)
Confirm with . or Enter, or press ? or * to list all spells.
Aiming: Freeze (safe; 3% risk of failure)
Press: ? - help, Shift-Dir - straight line, f - orc
Aim: an orc, wielding a +0 mace and wearing a +0 leather armour (moderately wounded)
You feel a surge of power!
You freeze the orc!
You kill the orc!
The wall freezes the orc priest.
The orc priest invokes the aid of Beogh against you.
Pain shoots through your body!
Ouch! That really hurt!
* * * LOW HITPOINT WARNING * * *
Unknown command.
Unknown command.
You aren't carrying any items that you can evoke.
The wall freezes the orc priest.
The orc priest invokes the aid of Beogh against you.
You struggle to resist.
Unknown command.
Casting: Freeze (safe; 3% risk of failure)
Confirm with . or Enter, or press ? or * to list all spells.
The spell is extremely dangerous to miscast (9% risk of failure)!
Continue anyway?
You feel a surge of power!
You miscast Ozocubu's Armour.
You are very lightly contaminated with residual magic.
Nothing appears to happen.
The wall freezes the orc priest.
The orc priest invokes the aid of Beogh against you.
Beogh smites you!
Ouch! That really hurt!
You die...
You are now level 3!
You rejoin the land of the living...
Are you sure you want to abandon this character and quit the game? (Confirm with "yes".)

#..........<.....
######.......###......
#............# #...... ######
####......#.##### #......
.....####.........#.#######......
....†)..'.........(..............
.....####.....[...#..######......
.....# #####....##..# #......
.....# #...@##..# #########
.....# #....##..# #....# #
###################..# #....# #
.......).........##..# #....# #
################.##..####....# #
####### #.##..........####
#.....####.##^...........##
#.....'..................##
#.....#.##.###...........#.


There were no monsters in sight!

Vanquished Creatures
  An adder (D:2)
  A worm (D:2)
  3 dart slugs
  3 orcs (D:3)
  6 endoplasms
  A giant cockroach (D:3)
  6 goblins
  10 hobgoblins
  6 jackals
  2 quokkas
  3 ball pythons
  3 bats
  2 frilled lizards (D:1)
  3 kobolds (D:3)
  3 rats
53 creatures vanquished.

Vanquished Creatures (others)
  A fungus (D:1)
1 creature vanquished.

Grand Total: 54 creatures vanquished

Notes
Turn   | Place    | Note
-------+----------+-------------------------------------------
     0 | D:1      | tilp the Felid Ice Elementalist began the quest for the
                  | Orb.
     0 | D:1      | Reached XP level 1. HP: 7/7 MP: 4/4
    51 | D:1      | Reached skill level 1 in Unarmed Combat
   131 | D:1      | Reached XP level 2. HP: 5/11 MP: 1/6
  1294 | D:1      | Reached XP level 3. HP: 11/14 MP: 4/7
  1363 | D:1      | Found a faded altar of an unknown god.
  1647 | D:2      | Reached skill level 4 in Ice Magic
  1981 | D:1      | Learned a level 3 spell: Frozen Ramparts
  3080 | D:3      | Reached XP level 4. HP: 9/18 MP: 0/8
  3235 | D:3      | Learned a level 3 spell: Ozocubu's Armour
  3527 | D:3      | Killed from afar by an orc priest
  3528 | D:3      | Reached XP level 3. HP: -4/14 MP: 1/7
  3528 | D:3      | Quit the game

Illustrated notes

Levels and vault maps discovered:
D:1:      ncdulo_wetmaze, layout_basic, shapermc_ecumenical_altar_acropolis
D:2:      layout_loops_ring
D:3:      layout_basic, minmay_misc_feat_columns

Skill      XL: |  1  2  3 |
---------------+----------+-----
Unarmed Combat | 1 2 |  2.0
Ice Magic      | 4 |  4.4
Dodging        | |  2.6
Stealth        | |  2.6
Spellcasting   | |  2.6

Action                   |  1- 3 |  4- 6 || total
-------------------------+-------+-------++-------
Melee: Unarmed           |    40 |     6 ||    46
       Bite              |     4 |     1 ||     5
 Cast: Freeze            |    54 |     4 ||    58
       Frozen Ramparts   |     2 |     1 ||     3
  Use: Scroll            |     3 |       ||     3
 Stab: Sleeping          |     8 |     4 ||    12
       Distracted        |     1 |       ||     1
Armor: Skin              |     1 |       ||     1
Dodge: Dodged            |    50 |     3 ||    53

Table legend: (Time is in decaauts)
 A = Elapsed time spent in this place.
 B = Non-inter-level travel time spent in this place.
 C = Inter-level travel time spent in this place.
 D = Time resting spent in this place.
 E = Time spent auto-exploring this place.
 F = Levels seen in this place.
 G = Mean time per level.
                   A        B        C        D        E       F      G
               +--------+--------+--------+--------+--------+-----+--------+
         Total |   3288 |   3230 |     58 |    821 |   2067 |   3 | 1096.0 |
       Dungeon |   3288 |   3230 |     58 |    821 |   2067 |   3 | 1096.0 |
               +--------+--------+--------+--------+--------+-----+--------+

Top non-repeatable levels by time:
     D:1: 1432 daAuts
     D:2: 1277 daAuts
     D:3: 579 daAuts
